 Dungeon Crawl Stone Soup version 0.23-a0-713-ge59bbb1 (webtiles) character file.

158 robertstho the Chopper (level 5, -4/47 HPs)
             Began as a Minotaur Berserker on Jan 15, 2019.
             Was a Believer of Trog.
             Slain by an orc
             ... wielding a +0 flail
              (6 damage)
             ... on level 3 of the Dungeon.
             The game lasted 00:02:53 (998 turns).

robertstho the Chopper (Minotaur Berserker)          Turns: 998, Time: 00:02:54

Health: -4/47      AC:  6    Str: 21    XL:     5   Next: 16%
Magic:  4/4        EV: 11    Int:  4    God:    Trog [**....]
Gold:   116        SH:  0    Dex: 13    Spells: 4/4 levels left

rFire    . . .     SeeInvis .   a - +0 hand axe
rCold    . . .     Gourm    .   (no shield)
rNeg     . . .     Faith    .   k - +0 scale mail
rPois    .         Spirit   .   (helmet restricted)
rElec    .         Reflect  .   (no cloak)
rCorr    .         Harm     .   (no gloves)
MR       ++...                  (no boots)
Stlth    ..........             (no amulet)
HPRegen  1.15/turn              e - +2 ring of dexterity
MPRegen  0.09/turn              (no ring)

@: berserk cooldown, regenerating, slowed, very slow
A: retaliatory headbutt, horns 2
a: Berserk, Trog's Hand, Renounce Religion


You were on level 3 of the Dungeon.
You worshipped Trog.
Trog was pleased with you.
You were very hungry.

You visited 1 branch of the dungeon, and saw 3 of its levels.

You collected 116 gold pieces.

Inventory:

Hand Weapons
 a - a +0 hand axe (weapon)
 l - a +0 morningstar
Armour
 k - a +0 scale mail (worn)
Jewellery
 e - a +2 ring of dexterity (left hand)
Scrolls
 g - a scroll of remove curse
Potions
 j - a potion of mutation
Comestibles
 c - 5 rations
 i - 2 chunks of flesh


   Skills:
 + Level 4.3 Fighting
 * Level 5.6 Axes
 * Level 3.6 Armour
 + Level 2.8 Dodging
 + Level 0.2 Stealth


You had 4 spell levels left.
You didn't know any spells.
Your spell library was empty.

Dungeon Overview and Level Annotations

Branches:
Dungeon (3/15)

Altars:
Uskayaw
The Shining One

Annotations:
D:2 Sigmund


Innate Abilities, Weirdness & Mutations

You reflexively headbutt those who attack you in melee.
You have a pair of horns on your head.


Message History

An orc comes into view. It is wielding a +0 flail.
As you read the scroll labeled SICWYG IJEAGUY, it crumbles to dust.
You feel blessed for a moment.
It was a scroll of remove curse.
The orc shouts!
The orc wizard misses you.
A kobold comes into view. It is wielding a +0 club.
The orc completely misses you.
The orc priest mumbles some strange prayers to Beogh against you.
Beogh smites you!
* * * LOW HITPOINT WARNING * * *
The kobold shouts!
Okay, then.
You hit the orc wizard but do no damage.
You hit the orc. The orc hits you with a +0 flail.
* * * LOW HITPOINT WARNING * * *
The orc wizard closely misses you. You furiously retaliate!
You headbutt the orc wizard, but do no damage.
You closely miss the orc priest. You closely miss the orc wizard.
You completely miss the orc. The orc hits you with a +0 flail.
You die...

*,*,****,* *,,,*,,,,*
******,****** *,,,,,,* ******,*
*,* ******** *,* *,,,,,,*
#.#####################
,,,,**,***#....o@................
,,,,,,,,,..Ko..oo.....###########
,,*,**,**...o.#######.#***#######
,,,,,,,,,....,,,,,,,....,,.......
*,*,,,,**...,,*****###.##***#....
*,*,,****..,,,* *..* #.... *,,,,*
*.,,,,**** *#.#* #.... *,*,**
*,,,,,,,,* *..* ##### ***,*
***,,,,,,*******,*


You could see an orc priest, an orc wizard, 3 orcs and a kobold.

Vanquished Creatures
  A crimson imp (D:3)
  Natasha (twice) (D:3)
  3 adders
  An ooze (D:2)
  A worm (D:3)
  2 dart slugs
  A leopard gecko (D:1)
  4 orcs (D:3)
  5 bats
  2 giant cockroaches
  3 goblins
  A hobgoblin (D:2)
  8 kobolds
  2 rats
36 creatures vanquished.

Notes
Turn   | Place    | Note
-------+----------+-------------------------------------------
     0 | D:1      | robertstho the Minotaur Berserker began the quest for the
                  | Orb.
     0 | D:1      | Reached XP level 1. HP: 19/19 MP: 0/0
   112 | D:1      | Reached skill level 4 in Axes
   112 | D:1      | Reached XP level 2. HP: 21/27 MP: 1/1
   398 | D:2      | Found a hide-covered altar of Uskayaw.
   475 | D:2      | Reached XP level 3. HP: 33/33 MP: 2/2
   486 | D:2      | Reached ** piety under Trog
   539 | D:2      | Found a glowing golden altar of the Shining One.
   597 | D:2      | Noticed Sigmund
   643 | D:3      | Reached XP level 4. HP: 17/40 MP: 3/3
   739 | D:3      | Reached skill level 5 in Axes
   895 | D:3      | Noticed Natasha
   904 | D:3      | Killed Natasha
   978 | D:3      | Noticed Natasha
   988 | D:3      | Killed Natasha
   988 | D:3      | Reached XP level 5. HP: 27/47 MP: 4/4
   997 | D:3      | HP: 1/47 [orc/+0 flail (6)]
   998 | D:3      | Slain by an orc

Vault maps used:
D:1:      nagdon_arrival_double_spiral
D:2:      tso_metal_star, lemuel_crystal_altar, uniq_sigmund
D:3:      hangedman_decor_slide_cut, uniq_natasha, uniq_ijyb

Skill      XL: |  1  2  3  4 |
---------------+-------------+-----
Axes           | 4 5 |  5.6
Armour         | 3 |  3.6
Fighting       | 4 |  4.3
Dodging        | |  2.8
Stealth        | |  0.2

Action                   |  1- 3 |  4- 6 || total
-------------------------+-------+-------++-------
Melee: Hand axe          |    60 |    31 ||    91
       Headbutt          |     8 |     7 ||    15
Invok: Trog's Hand       |     1 |     1 ||     2
       Berserk           |       |     2 ||     2
  Use: Scroll            |     1 |     3 ||     4
 Stab: Sleeping          |     1 |       ||     1
  Eat: Chunk             |       |     2 ||     2
Armor: Animal skin       |     6 |       ||     6
       Scale mail        |       |     3 ||     3
Dodge: Dodged            |    44 |    16 ||    60

Table legend:
 A = Non-vault XP
 B = Vault XP
 C = Vault XP percentage of total XP
 D = Non-vault monster count
 E = Vault monster count
 F = Vault count percentage of total count
                 A         B        C        D         E       F
            +---------+---------+-------+---------+---------+-------
      Total |     191 |      36 |  15.9 |      35 |       1 |   2.8
            +---------+---------+-------+---------+---------+-------
        D:1 |      26 |       0 |   0.0 |      14 |       0 |   0.0
        D:2 |      48 |       0 |   0.0 |      11 |       0 |   0.0
        D:3 |     117 |      36 |  23.5 |      10 |       1 |   9.1
            +---------+---------+-------+---------+---------+-------
